[Event "ICC tourney 2595 (40 10)"]
[Site "Internet Chess Club"]
[Date "2021.06.05"]
[Round "2"]
[White "KNAPP, DANIEL:trawglodyte"]
[Black "Yang, Leah:Leahyang0713"]
[Result "1-0"]
[ICCResult "Black checkmated"]
[WhiteElo "1198"]
[BlackElo "588"]
[Opening "Scotch opening"]
[ECO "C44"]
[NIC "KP.10"]
[Time "13:35:11"]
[PlyCount "71"]
[TimeControl "2400+10"]

1. e4 e5 2. Nf3 Nc6 3. d4 f6 4. d5 Nb8 5. Nc3 d6 6. Be3 c6 7. Bc4 f5 8.
exf5 Bxf5 9. Nh4 Qxh4 10. O-O Qxc4 11. dxc6 Nxc6 12. Nd5 Nb4 13. Nxb4 Qxb4
14. Qd5 Nf6 15. Qf3 Bxc2 16. Rac1 Qxb2 17. Qe2 Rc8 18. Rfd1 Qxa2 19. Rd2
Ne4 20. Rdxc2 Rxc2 21. Rxc2 Qd5 22. Rc8+ Kd7 23. Qg4+ Qe6 24. Rc7+ Kxc7 25.
Qxe6 g6 26. Qc4+ Kd7 27. Qxe4 b6 28. Qb7+ Ke6 29. Qxa7 Be7 30. f4 exf4 31.
Bxf4 Kf5 32. g3 Rd8 33. Qxb6 d5 34. Qe3 Bf8 35. h3 h5 36. Qe5# { Black
checkmated } 1-0

[Event "ICC tourney 2595 (40 10)"]
[Site "Internet Chess Club"]
[Date "2021.06.05"]
[Round "2"]
[White "BLIZNIUK, STANISLAW:Sbliz20"]
[Black "DESHPANDE, SARTHAK YASHODHAN:King2012"]
[Result "1-0"]
[ICCResult "Black checkmated"]
[WhiteElo "1176"]
[BlackElo "1457"]
[Opening "Sicilian: closed"]
[ECO "B24"]
[NIC "SI.44"]
[Time "13:34:58"]
[PlyCount "99"]
[TimeControl "2400+10"]

1. e4 c5 2. Nc3 Nc6 3. g3 e6 4. Bg2 Nf6 5. Nge2 d5 6. exd5 exd5 7. d4 c4 8.
Bg5 Be6 9. Nf4 Bb4 10. O-O Bxc3 11. bxc3 O-O 12. Re1 Re8 13. Rb1 b6 14. Nh5
Bg4 15. Nxf6+ gxf6 16. Rxe8+ Qxe8 17. Qxg4 fxg5 18. Qxg5+ Kh8 19. Qf6+ Kg8
20. Bxd5 Rc8 21. Bxc4 Na5 22. Bb5 Qe4 23. Qg5+ Kf8 24. Qh6+ Kg8 25. Bd3 Qe6
26. Qxh7+ Kf8 27. Qh8+ Ke7 28. Qh4+ Kf8 29. Qe4 Qxa2 30. Re1 Qe6 31. Qxe6
fxe6 32. Rxe6 Rxc3 33. d5 Nb3 34. cxb3 Rxd3 35. d6 b5 36. b4 Rd4 37. f4
Rd1+ 38. Kf2 Rd2+ 39. Ke3 Rd1 40. Kf3 Rd3+ 41. Ke4 Rd1 42. Ke5 Re1+ 43. Kf6
Rd1 44. h4 Rd5 45. h5 a5 46. h6 Kg8 47. Kg6 Kf8 48. h7 Rg5+ 49. fxg5 axb4
50. h8=Q# { Black checkmated } 1-0

[Event "ICC tourney 2595 (40 10)"]
[Site "Internet Chess Club"]
[Date "2021.06.05"]
[Round "2"]
[White "Chang, Linda:BairnOwl"]
[Black "SARAVIA, KYLE AUSTIN:Kyle45"]
[Result "1-0"]
[ICCResult "Black checkmated"]
[WhiteElo "1354"]
[BlackElo "1122"]
[Opening "Sicilian: Grand Prix attack"]
[ECO "B23"]
[NIC "SI.44"]
[Time "13:35:38"]
[PlyCount "45"]
[TimeControl "2400+10"]

1. e4 c5 2. Nc3 Nc6 3. f4 e6 4. Nf3 a6 5. a4 Nge7 6. Bc4 d5 7. Bb3 c4 8.
Ba2 Ng6 9. d3 Bb4 10. O-O Bxc3 11. bxc3 b5 12. Ba3 dxe4 13. Ne5 Ncxe5 14.
fxe5 exd3 15. Qf3 Ra7 16. cxd3 Qxd3 17. Qc6+ Bd7 18. Qb6 Ra8 19. Rad1 Qe4
20. Rxd7 Kxd7 21. Rxf7+ Ke8 22. Qxe6+ Kd8 23. Qd7# { Black checkmated } 1-0

[Event "ICC tourney 2595 (40 10)"]
[Site "Internet Chess Club"]
[Date "2021.06.05"]
[Round "2"]
[White "PU, GAVIN:ChessG2011"]
[Black "MCQUILLIN, DANIL ALSANDAIR:DanilMcQuillin"]
[Result "0-1"]
[ICCResult "White checkmated"]
[WhiteElo "1115"]
[BlackElo "1391"]
[Opening "Four knights: Italian variation"]
[ECO "C55"]
[NIC "IG.01"]
[Time "13:34:53"]
[PlyCount "68"]
[TimeControl "2400+10"]

1. e4 e5 2. Nf3 Nc6 3. Bc4 Nf6 4. Nc3 Nxe4 5. Nxe4 d5 6. Bd3 dxe4 7. Bxe4
Bd6 8. Bxc6+ bxc6 9. O-O O-O 10. d3 Bg4 11. Re1 f5 12. h3 Bh5 13. c3 e4 14.
dxe4 fxe4 15. Rxe4 Bh2+ 16. Kxh2 Qxd1 17. Re7 Bxf3 18. gxf3 Qd6+ 19. Kg2
Qxe7 20. Be3 Rf6 21. Rd1 Rg6+ 22. Kf1 Qe6 23. b3 Qxh3+ 24. Ke2 Rf6 25. Re1
Qxf3+ 26. Kd2 Rd8+ 27. Kc2 Qf5+ 28. Kb2 Rfd6 29. Re2 Rd1 30. Ka3 Rb1 31. b4
Qd3 32. Rb2 Qxc3+ 33. Rb3 Rxb3+ 34. axb3 Qa1# { White checkmated } 0-1

[Event "ICC tourney 2595 (40 10)"]
[Site "Internet Chess Club"]
[Date "2021.06.05"]
[Round "2"]
[White "KUNAMNENI, SUJAY:sujay2010"]
[Black "Balamurali, Diya:Di28"]
[Result "1-0"]
[ICCResult "Black checkmated"]
[WhiteElo "1315"]
[BlackElo "1056"]
[Opening "Queen's pawn: London system"]
[ECO "A45"]
[NIC "QP.07"]
[Time "13:35:02"]
[PlyCount "119"]
[TimeControl "2400+10"]

1. d4 Nf6 2. Bf4 d5 3. e3 a6 4. Bd3 Nc6 5. a3 e6 6. Nd2 Bd6 7. Bxd6 Qxd6 8.
Ngf3 e5 9. dxe5 Nxe5 10. O-O Nxd3 11. cxd3 O-O 12. Rc1 Be6 13. e4 dxe4 14.
dxe4 Qe7 15. Qc2 Rac8 16. Rfd1 Bg4 17. h3 Bxf3 18. Nxf3 Qxe4 19. Qxe4 Nxe4
20. Rd7 h6 21. Rcxc7 Rxc7 22. Rxc7 Rb8 23. Ne5 Nd6 24. Rd7 Re8 25. f4 Re6
26. Rd8+ Kh7 27. b3 f6 28. Nd7 Re8 29. Nxf6+ gxf6 30. Rxd6 Kg6 31. Kf2 Rb8
32. Rb6 Kf5 33. Kf3 Kg6 34. g4 Kg7 35. h4 Kg6 36. h5+ Kg7 37. Ke4 a5 38.
Kf5 Kh7 39. Kxf6 Rf8+ 40. Ke5 Re8+ 41. Kf5 Rf8+ 42. Rf6 Rd8 43. Rf7+ Kh8
44. Rxb7 Rd5+ 45. Kg6 Rd6+ 46. Kf7 Rd4 47. g5 Rxf4+ 48. Kg6 Rf8 49. Kxh6
Kg8 50. Rg7+ Kh8 51. Rb7 Kg8 52. g6 Re8 53. Kg5 Re5+ 54. Kf6 Re8 55. h6 Rd8
56. h7+ Kh8 57. Kg5 Rd5+ 58. Kh6 Rd6 59. Rb8+ Rd8 60. Rxd8# { Black
checkmated } 1-0

[Event "ICC tourney 2595 (40 10)"]
[Site "Internet Chess Club"]
[Date "2021.06.05"]
[Round "2"]
[White "SARAVANAN, ARJUN:arjunsaravanan"]
[Black "MANE, ARNAV KISHOR:georgianknight"]
[Result "1/2-1/2"]
[ICCResult "Game drawn because neither player has mating material"]
[WhiteElo "1152"]
[BlackElo "1396"]
[Opening "English opening"]
[ECO "A17"]
[NIC "EO.64"]
[Time "13:35:38"]
[PlyCount "124"]
[TimeControl "2400+10"]

1. c4 e6 2. Nc3 Nf6 3. d3 c6 4. g3 d5 5. cxd5 cxd5 6. d4 Nc6 7. Bg2 Be7 8.
Nf3 O-O 9. O-O a6 10. a3 Ne4 11. Qc2 Nf6 12. e3 Bd7 13. Bd2 Rc8 14. Rac1
Na5 15. Ne5 Nc4 16. Nxc4 Rxc4 17. Qb3 b5 18. Ne2 Qb8 19. Rxc4 bxc4 20. Qxb8
Rxb8 21. Bc3 Ne8 22. e4 Nc7 23. Re1 Bc6 24. Nf4 dxe4 25. Bxe4 Bxe4 26. Rxe4
Nb5 27. d5 Nxc3 28. bxc3 Bf6 29. Rxc4 exd5 30. Nxd5 Be5 31. Ne7+ Kf8 32.
Nc6 Rb5 33. Nxe5 Rxe5 34. Rc8+ Re8 35. Rxe8+ Kxe8 36. Kf1 Kd7 37. Ke2 Kc6
38. Kd3 Kd5 39. c4+ Ke5 40. Kc3 a5 41. Kb3 Kd4 42. Ka4 Kc5 43. Kxa5 Kxc4
44. Kb6 Kb3 45. Kc7 Kxa3 46. Kd7 Kb4 47. Ke7 f5 48. Kf7 g5 49. Kf6 f4 50.
Kxg5 f3 51. Kh6 Kc3 52. Kxh7 Kd3 53. g4 Ke2 54. g5 Kxf2 55. g6 Kg2 56. g7
f2 57. g8=Q+ Kxh2 58. Qa2 Kg1 59. Qa7 Kg2 60. Qa2 Kg1 61. Qb1+ f1=Q 62.
Qxf1+ Kxf1 { Game drawn because neither player has mating material }
1/2-1/2

[Event "ICC tourney 2595 (40 10)"]
[Site "Internet Chess Club"]
[Date "2021.06.05"]
[Round "2"]
[White "KORLIMARLA, ANISH:Anishkor"]
[Black "Zhang, Jerry:jerryjhzhang"]
[Result "1-0"]
[ICCResult "Black resigns"]
[WhiteElo "1338"]
[BlackElo "717"]
[Opening "Giuoco Piano"]
[ECO "C54"]
[NIC "IG.02"]
[Time "14:08:03"]
[PlyCount "65"]
[TimeControl "2400+10"]

1. e4 e5 2. Nf3 Nc6 3. Bc4 Bc5 4. c3 Nf6 5. d4 exd4 6. e5 Nxe5 7. Nxe5 Qe7
8. cxd4 Bxd4 9. Qxd4 O-O 10. O-O d6 11. Nxf7 Rxf7 12. Bxf7+ Kxf7 13. Nc3
Ng4 14. Bf4 Qh4 15. h3 Nf6 16. Qc4+ Be6 17. Qxc7+ Kg6 18. Qxd6 Re8 19. Rfe1
Kf7 20. Rad1 Bxh3 21. gxh3 Qxh3 22. Rxe8 Kxe8 23. Re1+ Kf7 24. Re7+ Kg6 25.
Qe6 Qh4 26. Qe3 Ng4 27. Qg3 Qxe7 28. Qxg4+ Kf7 29. Qf5+ Kg8 30. Qc8+ Kf7
31. Qc7 Qxc7 32. Bxc7 Ke6 33. Kg2 { Black resigns } 1-0

[Event "ICC tourney 2595 (40 10)"]
[Site "Internet Chess Club"]
[Date "2021.06.05"]
[Round "2"]
[White "Kunchanapalli, Havish Nagasai Sashank:HavishNSK"]
[Black "LIU, TYLER:Tiger2010"]
[Result "1-0"]
[ICCResult "Black resigns"]
[WhiteElo "1291"]
[BlackElo "735"]
[Opening "Vienna game"]
[ECO "C26"]
[NIC "VG.02"]
[Time "13:35:16"]
[PlyCount "85"]
[TimeControl "2400+10"]

1. e4 e5 2. Nc3 Nf6 3. Bc4 Bc5 4. d3 Bb4 5. f4 Bxc3+ 6. bxc3 Nc6 7. Nf3 d6
8. fxe5 Nxe5 9. Nxe5 dxe5 10. Ba3 Bg4 11. Qd2 c6 12. O-O Qb6+ 13. Kh1 Rd8
14. Rab1 Qc7 15. h3 Be6 16. Bxe6 fxe6 17. Qg5 c5 18. Rb5 b6 19. Rf3 Rf8 20.
Rg3 Rf7 21. c4 Rd4 22. Bb2 Rxe4 23. dxe4 Nxe4 24. Qe3 Rf1+ 25. Kh2 Nf2 26.
Rf3 Rh1+ 27. Kg3 e4+ 28. Rf4 Nd1 29. Qxe4 Nxb2 30. Qxe6+ Kd8 31. Qg8+ Ke7
32. Qxg7+ Kd8 33. Qxc7+ Kxc7 34. Rxb2 a5 35. Rf7+ Kc6 36. Rf6+ Kc7 37.
Rfxb6 a4 38. Rh6 a3 39. Rb5 Rd1 40. Ra5 Ra1 41. Rxa3 Rc1 42. Ra7+ Kc8 43.
Rhxh7 { Black resigns } 1-0

[Event "ICC tourney 2595 (40 10)"]
[Site "Internet Chess Club"]
[Date "2021.06.05"]
[Round "2"]
[White "LIU, BRYAN:coolcoolsugar"]
[Black "Lin, James:MeLikeGame"]
[Result "1-0"]
[ICCResult "Black checkmated"]
[WhiteElo "622"]
[BlackElo "1348"]
[Opening "Ruy Lopez: Berlin defense, 4.O-O"]
[ECO "C65"]
[NIC "RL.07"]
[Time "13:35:26"]
[PlyCount "83"]
[TimeControl "2400+10"]

1. e4 e5 2. Nf3 Nc6 3. Bb5 Nf6 4. O-O a6 5. Bxc6 bxc6 6. Nxe5 Bc5 7. d4 Bb6
8. Re1 O-O 9. Bf4 Bb7 10. c4 c5 11. d5 d6 12. Nf3 Re8 13. Nbd2 Ba5 14. Bg5
h6 15. Bh4 Bc8 16. Bxf6 Qxf6 17. Qa4 Bxd2 18. Qxe8+ Kh7 19. Nxd2 Bb7 20.
Qa4 Qe5 21. Qd7 Re8 22. Qxc7 Re7 23. Qa5 f5 24. Nf3 Qf6 25. exf5 Rf7 26.
Re6 Qxf5 27. Rxd6 Qg4 28. Qc3 Qf4 29. Qd3+ Kg8 30. Rd8+ Rf8 31. Rxf8+ Qxf8
32. Re1 Bc8 33. Qe3 Bd7 34. Qe7 Qc8 35. Ne5 Be8 36. Nc6 Bxc6 37. dxc6 Kh7
38. Qd7 Qb8 39. c7 Qb4 40. Qf5+ g6 41. Qf7+ Kh8 42. c8=Q# { Black
checkmated } 1-0

[Event "ICC tourney 2595 (40 10)"]
[Site "Internet Chess Club"]
[Date "2021.06.05"]
[Round "2"]
[White "JACOBS, STEVE:Steviejay"]
[Black "BHOSALE, ARNAV:avbhosale"]
[Result "1-0"]
[ICCResult "Black checkmated"]
[WhiteElo "1343"]
[BlackElo "752"]
[Opening "Torre attack (Tartakower variation)"]
[ECO "D03"]
[NIC "QP.08"]
[Time "13:35:18"]
[PlyCount "133"]
[TimeControl "2400+10"]

1. d4 d5 2. Nf3 Nf6 3. Bg5 Nc6 4. c3 h6 5. Bxf6 gxf6 6. Nbd2 e5 7. e4 dxe4
8. Nxe4 f5 9. Ng3 e4 10. Nd2 Be6 11. Bb5 a6 12. Bxc6+ bxc6 13. Qh5 Qd5 14.
O-O Rb8 15. b3 c5 16. Ne2 Bg7 17. Nf4 Qd6 18. Nxe6 Qxe6 19. Nf3 exf3 20.
Rfe1 Qxe1+ 21. Rxe1+ Kf8 22. Qxf5 fxg2 23. Qxc5+ Kg8 24. Qxc7 Kh7 25. Qxf7
Rhf8 26. Qe6 Rbe8 27. Qxe8 Rxe8 28. Rxe8 Kg6 29. Re6+ Kf5 30. Rxa6 Ke4 31.
Rg6 Bf8 32. Rg4+ Kf3 33. Rxg2 Ba3 34. d5 Ke4 35. c4 Bd6 36. Rg6 Ke5 37.
Rxh6 Bf8 38. Rh3 Kd6 39. a4 Kc5 40. f4 Kb4 41. Kf2 Bc5+ 42. Ke2 Bd4 43. d6
Bc5 44. d7 Bb6 45. Rd3 Bd8 46. f5 Kc5 47. f6 Bxf6 48. d8=Q Bxd8 49. Rxd8
Kb4 50. Rb8+ Ka5 51. Kd3 Ka6 52. Kd4 Ka7 53. Rf8 Kb7 54. Kd5 Kc7 55. Rf7+
Kd8 56. Ke6 Ke8 57. Kf6 Kd8 58. Re7 Kc8 59. Kf7 Kd8 60. a5 Kc8 61. a6 Kb8
62. c5 Ka8 63. c6 Kb8 64. c7+ Kc8 65. a7 Kb7 66. c8=Q+ Kxc8 67. a8=Q# {
Black checkmated } 1-0

[Event "ICC tourney 2595 (40 10)"]
[Site "Internet Chess Club"]
[Date "2021.06.05"]
[Round "2"]
[White "Maddipati, Srihas:srihassm"]
[Black "SURIYAPRAKASH, SHRUTI:shrutisuriya"]
[Result "0-1"]
[ICCResult "White checkmated"]
[WhiteElo "750"]
[BlackElo "1049"]
[Opening "Caro-Kann: exchange variation"]
[ECO "B13"]
[NIC "CK.02"]
[Time "13:35:23"]
[PlyCount "76"]
[TimeControl "2400+10"]

1. e4 c6 2. d4 d5 3. exd5 cxd5 4. Nf3 Nf6 5. Bd3 e6 6. O-O Bd6 7. b3 O-O 8.
c4 Nc6 9. Bg5 h6 10. Bh4 Re8 11. Nc3 Bb4 12. Ne2 b6 13. cxd5 exd5 14. Nf4
Qd6 15. Bxf6 gxf6 16. Nh5 Bg4 17. Ng3 Rac8 18. Qc1 f5 19. Qd1 Nxd4 20. Nxd4
Bxd1 21. Rfxd1 Bc3 22. Ndxf5 Qf6 23. Rac1 Be5 24. Rxc8 Rxc8 25. Nh5 Qg5 26.
Nhg3 Bxg3 27. fxg3 Rc1 28. Rxc1 Qxc1+ 29. Kf2 Qd2+ 30. Be2 d4 31. Kf3 d3
32. Bf1 Qd1+ 33. Kf2 d2 34. Nxh6+ Kf8 35. Nf5 Qe1+ 36. Kg1 d1=Q 37. h3
Qxf1+ 38. Kh2 Qh1# { White checkmated } 0-1

[Event "ICC tourney 2595 (40 10)"]
[Site "Internet Chess Club"]
[Date "2021.06.05"]
[Round "2"]
[White "Kalaga, Aneesh:aneeshk"]
[Black "BRAHMANAPALLY, SARVAGNYA:bsarvagnya"]
[Result "0-1"]
[ICCResult "White resigns"]
[WhiteElo "1090"]
[BlackElo "1323"]
[Opening "Blackmar gambit"]
[ECO "D00"]
[NIC "QP.08"]
[Time "13:35:10"]
[PlyCount "72"]
[TimeControl "2400+10"]

1. d4 d5 2. e4 dxe4 3. Nc3 Nf6 4. f3 Bf5 5. Bf4 e6 6. Nb5 Bd6 7. Nxd6+ cxd6
8. Qd2 Nc6 9. O-O-O Nd5 10. Be2 Ncb4 11. Bb5+ Kf8 12. a3 Nxc2 13. g4 Rc8
14. Qxc2 Rxc2+ 15. Kxc2 e3+ 16. gxf5 Nxf4 17. Ne2 Nxe2 18. Bxe2 exf5 19.
Bd3 f4 20. Be4 d5 21. Bd3 g6 22. Kb1 Kg7 23. Rc1 Re8 24. Bb5 Re7 25. Be2
Qa5 26. Rhd1 Qd8 27. Rh1 Re6 28. h4 h5 29. Rhg1 Qxh4 30. Rh1 Qf6 31. Rhd1
Qf5+ 32. Bd3 Qh3 33. Be2 Qg2 34. Re1 Qf2 35. Rc2 Qxe1+ 36. Ka2 Rc6 { White
resigns } 0-1

[Event "ICC tourney 2595 (40 10)"]
[Site "Internet Chess Club"]
[Date "2021.06.05"]
[Round "2"]
[White "HOSUR, SANMITA:phosur"]
[Black "Yang, Daniel Benji:DanielYang99"]
[Result "0-1"]
[ICCResult "White resigns"]
[WhiteElo "1248"]
[BlackElo "815"]
[Opening "Giuoco Piano"]
[ECO "C54"]
[NIC "IG.02"]
[Time "13:37:27"]
[PlyCount "84"]
[TimeControl "2400+10"]

1. e4 e5 2. Nf3 Nc6 3. Bc4 Bc5 4. c3 Nf6 5. d3 h6 6. O-O O-O 7. Re1 d6 8.
Nbd2 a5 9. a3 Bb6 10. Nf1 Be6 11. Bb3 Ne7 12. Ng3 Bxb3 13. Qxb3 a4 14. Qd1
Ng6 15. Be3 Bxe3 16. fxe3 Re8 17. Nf5 d5 18. exd5 Qxd5 19. e4 Qc5+ 20. d4
Qc6 21. Nd2 exd4 22. Nxd4 Qb6 23. Nc4 Qa6 24. Nd2 Rad8 25. e5 Nxe5 26. N2f3
Nc4 27. Qc2 Nd6 28. Nh4 Qb6 29. Kh1 Nde4 30. Rf1 Rd6 31. Nhf5 Rd5 32. Rae1
c5 33. Ne3 Ng3+ 34. hxg3 Rh5+ 35. Kg1 cxd4 36. Nc4 d3+ 37. Nxb6 dxc2 38.
Rxe8+ Nxe8 39. Rc1 Nf6 40. Rxc2 Re5 41. Nxa4 Ng4 42. Kf1 Ne3+ { White
resigns } 0-1

[Event "ICC tourney 2595 (40 10)"]
[Site "Internet Chess Club"]
[Date "2021.06.05"]
[Round "2"]
[White "VALISEKKAGARI, SAICHARAN:K06-16250885"]
[Black "SISTA, SAI VIJAY HIMAGHNA:Chessboy5"]
[Result "1/2-1/2"]
[ICCResult "Game drawn because neither player has mating material"]
[WhiteElo "1393"]
[BlackElo "1135"]
[Opening "Sicilian: Alapin's variation (2.c3)"]
[ECO "B22"]
[NIC "SI.46"]
[Time "13:35:01"]
[PlyCount "134"]
[TimeControl "2400+10"]

1. e4 c5 2. c3 d5 3. exd5 Qxd5 4. Nf3 Nc6 5. Na3 a6 6. Nc2 Bf5 7. Be2 Nf6
8. Ne3 Qe4 9. Nxf5 Qxf5 10. O-O e5 11. d3 Be7 12. Re1 O-O 13. h3 Rad8 14.
Nh4 Qd7 15. Be3 Nd5 16. Nf3 f5 17. Bc1 e4 18. dxe4 fxe4 19. Nd2 Qf5 20. Rf1
Nf4 21. Bg4 Qe5 22. Qb3+ Kh8 23. Qxb7 h5 24. Qxc6 hxg4 25. Qxe4 Qxe4 26.
Nxe4 gxh3 27. gxh3 Nxh3+ 28. Kg2 Nf4+ 29. Kh2 Rd3 30. Be3 Rf5 31. Ng3 Rf6
32. Rh1 Rh6+ 33. Kg1 Rxh1+ 34. Kxh1 Nd5 35. Nf5 Bf8 36. Kg2 g6 37. Nh4
Nxe3+ 38. fxe3 Kh7 39. Kf3 Bh6 40. Ng2 Rd2 41. Rb1 g5 42. a3 a5 43. b4 cxb4
44. cxb4 axb4 45. axb4 g4+ 46. Kg3 Bf8 47. b5 Bd6+ 48. Nf4 Rd3 49. Kxg4
Rxe3 50. Nh5 Re4+ 51. Kg5 Re5+ 52. Kh4 Be7+ 53. Kg4 Rg5+ 54. Kf4 Rxh5 55.
b6 Rh4+ 56. Ke5 Bd8 57. b7 Bc7+ 58. Ke6 Re4+ 59. Kd7 Bf4 60. b8=Q Bxb8 61.
Rxb8 Rd4+ 62. Kc7 Kg6 63. Rb6+ Kf7 64. Rb7 Ke6 65. Rb6+ Kd5 66. Rd6+ Kc5
67. Rxd4 Kxd4 { Game drawn because neither player has mating material }
1/2-1/2

[Event "ICC tourney 2595 (40 10)"]
[Site "Internet Chess Club"]
[Date "2021.06.05"]
[Round "2"]
[White "DEBMISRA, ARIV:arivdeb"]
[Black "SHAMALOV, NATHAN:Nathan-Shamalov"]
[Result "1-0"]
[ICCResult "Black forfeits on time"]
[WhiteElo "761"]
[BlackElo "1191"]
[Opening "Nimzo-Indian: 4.e3 e8g8, 5.Nf3 d7d5"]
[ECO "E51"]
[NIC "NI.06"]
[Time "13:34:59"]
[PlyCount "59"]
[TimeControl "2400+10"]

1. d4 d5 2. c4 e6 3. Nc3 Nf6 4. Nf3 Bb4 5. e3 O-O 6. Bd3 Nc6 7. O-O Qe7 8.
e4 Bxc3 9. e5 Nxd4 10. exf6 Nxf3+ 11. Qxf3 Bxf6 12. cxd5 exd5 13. Qxd5 Rd8
14. Qf3 Be6 15. Bf4 Bd5 16. Qh3 h6 17. Bxh6 gxh6 18. Qxh6 Rd6 19. Rfe1 Qd8
20. Re3 Bxb2 21. Rg3+ Rg6 22. Bxg6 fxg6 23. Rxg6+ Kf7 24. Qh7+ Ke8 25. Re1+
Kf8 26. Qh6+ Kf7 27. Qh7+ Kf8 28. Rd1 Qe8 29. h3 Bf7 30. Qh6+ { Black
forfeits on time } 1-0

[Event "ICC tourney 2595 (40 10)"]
[Site "Internet Chess Club"]
[Date "2021.06.05"]
[Round "2"]
[White "WONG, KATE:AmazingKW"]
[Black "Kale, Shubham:shubham07"]
[Result "1/2-1/2"]
[ICCResult "Game drawn by repetition"]
[WhiteElo "430"]
[BlackElo "1178"]
[Opening "Robatsch (modern) defense"]
[ECO "B06"]
[NIC "KF.05"]
[Time "13:35:36"]
[PlyCount "142"]
[TimeControl "2400+10"]

1. e4 g6 2. d4 Bg7 3. Nf3 d6 4. Bc4 a6 5. Nc3 e6 6. Bf4 b5 7. Bb3 Ne7 8.
O-O O-O 9. Qd2 Bb7 10. a3 Nd7 11. Bh6 Nb6 12. Bxg7 Kxg7 13. d5 e5 14. Ng5
h6 15. Nh3 f5 16. f3 g5 17. Nf2 Ng6 18. exf5 Rxf5 19. Qd3 Qf8 20. Nfe4 Nf4
21. Qd2 Qg8 22. Ng3 Rff8 23. Rad1 Qf7 24. Nge4 Qh5 25. Ng3 Qg6 26. Qe3 h5
27. Qe4 g4 28. Qxg6+ Kxg6 29. fxg4 hxg4 30. Nge2 Nxe2+ 31. Nxe2 Nd7 32. Ng3
Nc5 33. Ba2 Rae8 34. b4 Nd7 35. c3 Nf6 36. Bb1+ Kg7 37. Nf5+ Kh8 38. Ng3
Nxd5 39. Rc1 Ne3 40. Rxf8+ Rxf8 41. Be4 Bxe4 42. Nxe4 Nc4 43. Ra1 Rf5 44.
a4 Kg7 45. axb5 axb5 46. Ra7 Rf7 47. Rb7 c6 48. Rxf7+ Kxf7 49. Kf2 Kg6 50.
h3 Kf5 51. Ng3+ Kg5 52. hxg4 Kxg4 53. Nf1 d5 54. Ke2 d4 55. cxd4 exd4 56.
Kd3 Na3 57. Kxd4 Nc2+ 58. Kc5 Kf4 59. Nh2 Kg3 60. Nf3 Kxg2 61. Ne5 Nxb4 62.
Kxb4 c5+ 63. Kxc5 b4 64. Nc4 b3 65. Nb2 Kf3 66. Kd4 Ke2 67. Kc3 Ke3 68.
Nd1+ Ke2 69. Nb2 Ke3 70. Nd1+ Ke2 71. Nb2 Ke3 { Game drawn by repetition }
1/2-1/2

[Event "ICC tourney 2595 (40 10)"]
[Site "Internet Chess Club"]
[Date "2021.06.05"]
[Round "2"]
[White "PANGARIBUAN, JAEDEN F:jaedenp"]
[Black "VADHER, DEVAJ MAYANK:DevajVadher"]
[Result "1-0"]
[ICCResult "Black checkmated"]
[WhiteElo "682"]
[BlackElo "997"]
[Opening "Caro-Kann: advance variation"]
[ECO "B12"]
[NIC "CK.04"]
[Time "14:02:16"]
[PlyCount "71"]
[TimeControl "2400+10"]

1. e4 c6 2. d4 d5 3. e5 Bf5 4. Nf3 e6 5. Bd3 Bxd3 6. Qxd3 c5 7. c3 Nc6 8.
O-O Nge7 9. dxc5 Ng6 10. Be3 Ngxe5 11. Nxe5 Nxe5 12. Qd4 Nc6 13. Qd3 Be7
14. Nd2 O-O 15. Nf3 Qd7 16. Ng5 Bxg5 17. Bxg5 Ne5 18. Qg3 Ng6 19. Rad1 Rac8
20. Be3 Qb5 21. b4 Qc4 22. Bd4 Qxa2 23. Ra1 Qc4 24. Rxa7 Rfd8 25. Rxb7 Qa6
26. Re7 Kf8 27. Rc7 Rb8 28. h4 Qe2 29. f3 e5 30. Re1 Qc4 31. Rxe5 Nxe5 32.
Bxe5 g6 33. Qg5 Kg8 34. Qf6 Qxc5+ 35. Rxc5 Rd6 36. Qg7# { Black checkmated
} 1-0

[Event "ICC tourney 2595 (40 10)"]
[Site "Internet Chess Club"]
[Date "2021.06.05"]
[Round "2"]
[White "DIAO, SUJIA:DiamondUnicorn"]
[Black "PEESA, RAHUL:RahulPeesa"]
[Result "1/2-1/2"]
[ICCResult "Game drawn by repetition"]
[WhiteElo "496"]
[BlackElo "1341"]
[Opening "Caro-Kann: exchange variation"]
[ECO "B13"]
[NIC "CK.02"]
[Time "13:35:38"]
[PlyCount "176"]
[TimeControl "2400+10"]

1. e4 c6 2. d4 d5 3. exd5 cxd5 4. Nc3 Nc6 5. Nf3 Bg4 6. Be2 e6 7. a3 Qc7 8.
h3 Bh5 9. Be3 Bd6 10. O-O a6 11. Qd2 Nge7 12. Rfe1 O-O 13. Kh1 Rab8 14. b4
b5 15. Qd1 Bg6 16. Bd3 Nf5 17. Qd2 Rfc8 18. Ne2 Nxe3 19. fxe3 Bh5 20. Rf1
e5 21. dxe5 Nxe5 22. Nxe5 Bxe5 23. Rab1 Rd8 24. Rf2 Bf6 25. Rbf1 Re8 26.
Rf5 Bg6 27. Rxd5 Bxd3 28. cxd3 Qe7 29. e4 Rbd8 30. Rxd8 Rxd8 31. Qc2 Qd7
32. Rd1 Rc8 33. Qd2 Qc7 34. Rc1 Qd7 35. Rxc8+ Qxc8 36. Kh2 Qc7+ 37. g3 Qe5
38. Qc2 h6 39. d4 Qe7 40. e5 Bg5 41. Qc8+ Qd8 42. Qxa6 Be3 43. Qxb5 Bxd4
44. Nxd4 Qxd4 45. Qe2 Kf8 46. Kg2 Qd5+ 47. Kf2 Qd4+ 48. Kf3 Qd5+ 49. Qe4
Qb3+ 50. Qe3 Qd5+ 51. Kf4 g5+ 52. Kf5 Qe6+ 53. Ke4 Qc4+ 54. Qd4 Qe2+ 55.
Kd5 Qg2+ 56. Kc5 Qxg3 57. Qd8+ Kg7 58. Qf6+ Kg8 59. Qxh6 Qxe5+ 60. Kb6 Qb8+
61. Ka5 Qa7+ 62. Kb5 Qb7+ 63. Kc5 Qc7+ 64. Qc6 Qa7+ 65. Qb6 Qxa3 66. Qd8+
Kh7 67. Qxg5 Qxh3 68. Qf6 Qe3+ 69. Qd4 Qc1+ 70. Qc4 Qg5+ 71. Qd5 Qg1+ 72.
Qd4 Qc1+ 73. Kd5 Qg5+ 74. Qe5 Qd2+ 75. Qd4 Qg5+ 76. Kc4 Qc1+ 77. Qc3 Qf4+
78. Kb3 f5 79. Qh3+ Kg6 80. Qg2+ Kf6 81. Qc6+ Kg5 82. Qg2+ Qg4 83. Qd2+ Kh5
84. Qh2+ Kg5 85. Qd2+ Kh5 86. Qh2+ Kg5 87. Qd2+ Kh5 88. Qh2+ Kg5 { Game
drawn by repetition } 1/2-1/2

[Event "ICC tourney 2595 (40 10)"]
[Site "Internet Chess Club"]
[Date "2021.06.05"]
[Round "2"]
[White "REN, JOCELYN:K05-16899282"]
[Black "DHURJATI, ANAGHA:amdink"]
[Result "1/2-1/2"]
[ICCResult "Game drawn by mutual agreement"]
[WhiteElo "1102"]
[BlackElo "1337"]
[Opening "Ruy Lopez: exchange variation, 5.O-O"]
[ECO "C68"]
[NIC "RL.08"]
[Time "13:34:52"]
[PlyCount "124"]
[TimeControl "2400+10"]

1. e4 e5 2. Nf3 Nc6 3. Bb5 a6 4. Bxc6 dxc6 5. O-O Nf6 6. Nxe5 Be7 7. d3 O-O
8. h3 Bc5 9. Nc3 Bd4 10. Nf3 Ba7 11. Bg5 Qe8 12. Bxf6 gxf6 13. Qd2 Kh8 14.
Ne2 Rg8 15. Kh1 Qd7 16. Qc3 Rxg2 17. Kxg2 Qxh3+ 18. Kg1 Qg4+ 19. Ng3 Qxg3+
20. Kh1 Qxf3+ 21. Kh2 Bxf2 22. d4 Qf4+ 23. Kg2 Bh3+ 24. Qxh3 Rg8+ 25. Kh1
Qxe4+ 26. Kh2 Bg3+ 27. Qxg3 Rxg3 28. Kxg3 Qxd4 29. c3 Qe5+ 30. Rf4 h5 31.
Rf1 Qg5+ 32. Kh3 Kg7 33. Kh2 Qe5 34. Kh3 Qe2 35. R1f2 Qe6+ 36. Kh4 Qe5 37.
a3 a5 38. Rf5 Qe1 39. Kxh5 Qh1+ 40. Kg4 Qh6 41. Kg3 b5 42. R5f4 Kf8 43.
Rxf6 Qe3+ 44. Kh4 Qe4+ 45. Kh5 Qh1+ 46. Kg4 Qe4+ 47. Kh5 Qh1+ 48. Kg4 Qd1+
49. Kh4 Qh1+ 50. Kg4 Qe4+ 51. Kh5 Qh7+ 52. Kg4 Qe4+ 53. Kh5 Qd5+ 54. Kh6
Qc4 55. Kg5 Kg7 56. Kh5 Qd5+ 57. Kg4 Qe4+ 58. Kh3 Qe3+ 59. R6f3 Qe6+ 60.
Kg2 Kg8 61. Rf6 Qe4+ 62. Kh3 Qh7+ { Game drawn by mutual agreement }
1/2-1/2